 Dungeon Crawl Stone Soup version 0.29-a0-653-gd47aff6735 (webtiles) character file.

Game seed: 11640018233375342225

105 omnomnOMINOUS the Chucker (level 4, -6/29 HPs)
             Began as an Octopode Wanderer on June 21, 2022.
             Was a Follower of Kikubaaqudgha.
             Killed by nerve-wracking pain
             ... invoked by Grinder
              (14 damage)
             ... on level 3 of the Dungeon.
             The game lasted 00:03:40 (2474 turns).

omnomnOMINOUS the Chucker (Octopode Wanderer)       Turns: 2474, Time: 00:03:41

Health: -6/29      AC:  1    Str: 11    XL:     4   Next: 83%
Magic:  6/6        EV: 12    Int: 20    God:    Kikubaaqudgha [*.....]
Gold:   47         SH:  0    Dex:  9    Spells: 5/6 levels left

rFire   . . .      SeeInvis .   a - +2 spear (venom)
rCold   . . .      Faith    .   (no shield)
rNeg    . . .      Spirit   .   (helmet restricted)
rPois   .          Reflect  .   (no amulet)
rElec   .          Harm     .   (no ring)
rCorr   .          Rampage  .   (no ring)
Will    .....                   (no ring)
Stlth   ++........              (no ring)
HPRegen 0.09/turn               (no ring)
MPRegen 0.10/turn               (no ring)
                                (no ring)
                                (no ring)

@: no status effects
A: almost no armour, amphibious, 8 rings, camouflage 1, gelatinous body 1,
(nimble swimmer 1), tentacles, clever 1, evolution 1
a: Renounce Religion, Unearth Wretches


You were on level 3 of the Dungeon.
You worshipped Kikubaaqudgha.
Kikubaaqudgha was aware of your devotion.
You visited 1 branch of the dungeon, and saw 3 of its levels.

You collected 47 gold pieces.

Inventory:

Hand Weapons
 a - a +2 spear of venom (weapon)
 b - a +2 mace
Missiles
 i - 18 poisoned darts (quivered)
Magical Staves
 n - a staff of poison
Scrolls
 d - a scroll of blinking
 e - a scroll of enchant armour {unknown}
 h - a scroll of immolation {unknown}
 l - a scroll of vulnerability {unknown}
 o - a scroll of poison {unknown}
 q - a scroll of teleportation {unknown}
 r - a scroll of magic mapping {unknown}
Potions
 f - a potion of resistance
 g - 2 potions of curing
 k - a potion of might {unknown}
 m - a potion of haste {unknown}
 p - a potion of degeneration {unknown}


   Skills:
 + Level 2.0 Fighting
 - Level 2.0 Maces & Flails
 * Level 1.6 Polearms
 - Level 4.0 Throwing
 + Level 1.6 Dodging
 + Level 1.9 Spellcasting
 + Level 2.7 Necromancy


You had 5 spell levels left.
You knew the following spells:

 Your Spells              Type           Power      Damage    Failure   Level
a - Necrotize             Necr           48%        1d6       5%          1

Your spell library contained the following spells:

 Spells                   Type           Power      Damage    Failure   Level
 Sublimation of Blood     Necr           12%        N/A       8%          2
 Vampiric Draining        Necr           12%        2d6       16%         3
 Wereblood                Tmut           1%         N/A       24%         2
 Animate Dead             Necr           12%        N/A       45%         4
 Summon Hydra             Summ           0%         N/A       100%        7


Dungeon Overview and Level Annotations

Branches:
Dungeon (3/15)

Altars:
Elyvilon
Kikubaaqudgha

Annotations:
D:3 Grinder


Innate Abilities, Weirdness & Mutations

You cannot wear most types of armour.
You are amphibious.
You can wear up to eight rings at the same time.
Your skin changes colour to match your surroundings (Stealth+).
Your rubbery body absorbs attacks. (AC +1, EV +1)
((You are camouflaged when in or above water. (Stealth+)))
You have tentacles for arms and can constrict up to eight enemies at once.
Your mind is acute. (Int +4, Str/Dex-1)
You have hidden genetic potential.


Message History

Grinder comes into view.
Grinder shouts!
Grinder is nearby!
Grinder is nearby!
Unknown command.
As you read the scroll labelled WIDIGA NIEMARPH, it crumbles to dust.
It is a scroll of identify.
g - 2 potions of curing
As you read the scroll of identify, it crumbles to dust.
f - a potion of resistance You start waiting.
Grinder is nearby!
You reach to attack!
You hit Grinder but do no damage. You closely miss Grinder. You grab Grinder.
You constrict Grinder. Grinder hits you!
You writhe in agony.
You barely miss Grinder.
Grinder is lightly wounded.
You constrict Grinder.
Grinder struggles to blink free from constriction.
You hit Grinder.
Grinder is lightly wounded.
You constrict Grinder. Grinder gestures at you.
You suddenly lose the ability to move!
You lose your grip on Grinder.
Grinder gestures at you.
You barely resist. Grinder gestures at you. You resist with significant effort.
Grinder hits you.
You writhe in agony.
* * * LOW HITPOINT WARNING * * *
Grinder gestures at you.
You shrug off the repeated paralysis!
You can move again.
It was a potion of mutation.
You feel extremely strange.
You feel a hidden potential growing inside you.
You feel clever. Grinder gestures at you. Pain shoots through your body!
You die...
Kikubaaqudgha rasps: "You have failed me!
Welcome... death!"

#+# #.#
#####.#####
..........<
#.....#
#.....#
#....@#
#.#.#5#
#.###......5.
#<# #####.###
#.#######.
#.........
##########


You could see Grinder.

Vanquished Creatures
  6 adders (D:2)
  2 dart slugs (D:1)
  7 endoplasms
  A giant cockroach (D:1)
  6 goblins
  A hobgoblin (D:2)
  7 jackals (D:1)
  5 kobolds
  3 ball pythons
  A bat (D:1)
  4 frilled lizards
  5 rats
48 creatures vanquished.

Vanquished Creatures (others)
  5 withered plants (D:1)
5 creatures vanquished.

Grand Total: 53 creatures vanquished

Notes
Turn   | Place    | Note
-------+----------+-------------------------------------------
     0 | D:1      | omnomnOMINOUS the Octopode Wanderer began the quest for the
                  | Orb.
     0 | D:1      | omnomnOMINOUS set off with the following items: a +2 mace,
                  | 13 poisoned darts, a +0 dagger, a scroll of blinking; and
                  | the following spell memorised: Necrotize; and the following
                  | spells available to memorise: Vampiric Draining.
     0 | D:1      | Reached XP level 1. HP: 13/13 MP: 2/2
   208 | D:1      | Reached XP level 2. HP: 10/18 MP: 3/3
   563 | D:1      | Reached skill level 1 in Dodging
   790 | D:1      | You fall into a shaft and drop 1 floor!
   850 | D:1      | Found a faded altar of an unknown god.
   889 | D:1      | Prayed at the altar of an unknown god.
   889 | D:1      | Became a worshipper of Kikubaaqudgha
   889 | D:1      | Reached * piety under Kikubaaqudgha
   889 | D:1      | Received a gift from Kikubaaqudgha
   941 | D:1      | Reached XP level 3. HP: 18/23 MP: 5/5
  1607 | D:2      | Found a white marble altar of Elyvilon.
  1624 | D:2      | Reached skill level 1 in Polearms
  1624 | D:2      | Reached XP level 4. HP: 19/29 MP: 6/6
  2460 | D:3      | Noticed Grinder
  2469 | D:3      | Paralysed by Grinder for 5 turns
  2474 | D:3      | Gained mutation: You have hidden genetic potential. [potion
                  | of mutation]
  2474 | D:3      | Gained mutation: Your mind is acute. (Int +4, Str/Dex-1)
                  | [potion of mutation]
  2474 | D:3      | Killed from afar by Grinder

Illustrated notes

Levels and vault maps discovered:
D:1:      minmay_arrival_four_houses, layout_loops_ring,
          shapermc_ecumenical_altar_flowoftime, eino_curves_01,
          minmay_door_square, fountainhead
D:2:      layout_rooms, basic_altar, minmay_3d_cube
D:3:      layout_loops_corners, mainiacjoe_overflow_paths, tgw_kikubaaqudgha,
          uniq_sigmund, uniq_grinder

Skill      XL: |  1  2  3  4 |
---------------+-------------+-----
Dodging        | 1 |  1.6
Polearms       | 1 |  1.6
Fighting       | 2 |  2.0
Maces & Flails | |  2.0
Throwing       | |  4.0
Spellcasting   | |  1.9
Necromancy     | |  2.7

Action                   |  1- 3 |  4- 6 || total
-------------------------+-------+-------++-------
Melee: Mace              |    25 |       ||    25
       Tentacles         |    15 |     4 ||    19
       Constrict         |    11 |     7 ||    18
       Spear             |    50 |    38 ||    88
       Punch             |       |     1 ||     1
 Cast: Necrotize         |     4 |       ||     4
  Use: Scroll            |       |     2 ||     2
       Potion            |       |     1 ||     1
 Stab: Sleeping          |     8 |     1 ||     9
Armor: Skin              |     7 |     3 ||    10
Dodge: Dodged            |    28 |    14 ||    42

Table legend: (Time is in decaauts)
 A = Elapsed time spent in this place.
 B = Non-inter-level travel time spent in this place.
 C = Inter-level travel time spent in this place.
 D = Time resting spent in this place.
 E = Time spent auto-exploring this place.
 F = Levels seen in this place.
 G = Mean time per level.
                   A        B        C        D        E       F      G
               +--------+--------+--------+--------+--------+-----+--------+
         Total |   2486 |   2441 |     45 |    269 |   1836 |   3 |  828.7 |
       Dungeon |   2486 |   2441 |     45 |    269 |   1836 |   3 |  828.7 |
               +--------+--------+--------+--------+--------+-----+--------+

Top non-repeatable levels by time:
     D:1: 1471 daAuts
     D:2: 989 daAuts
     D:3: 25 daAuts
